MID
ATLANTA (MID) BRAVES @ PEORIA CHIEFS
09/05/2049
 
TOP OF THE 1ST
Atlanta (MID) Braves batting - Pitching for Peoria Chiefs : RHP Jaquan Alston
Pitching: RHP Jaquan Alston
Batting: LHB Eric Jackson 0-0: Swinging Strike
0-1: Foul Ball, location: 2F
0-2: Strikes out swinging
Batting: RHB Elias Vences 0-0: Ball
1-0: Ball
2-0: Ground out U3 (Groundball, 3, EV 77.5 MPH)
Batting: LHB Tamaichi Sasada 0-0: Foul Ball, location: 2F
0-1: Foul Ball, location: 2F
0-2: Strikes out swinging
Top of the 1st over - 0 runs, 0 hits, 0 errors, 0 left on base; Atlanta (MID) 0 - Peoria 0
BOTTOM OF THE 1ST
Peoria Chiefs batting - Pitching for Atlanta (MID) Braves : RHP Chris Lincecum II
Pitching: RHP Chris Lincecum II
Batting: RHB Sam Sours 0-0: Ball
1-0: Called Strike
1-1: Ball
2-1: Ball
3-1: Reached on error, E4 (Groundball, 4, EV 100.6 MPH)
Batting: RHB Tim Jobe 0-0: SINGLE (Flyball, 8RS, EV 95.6 MPH)
Sam Sours to second
Runner from 2nd tries for 3rd, SAFE, throw by CF made to third
Pinch Runner at 3rd Mike East:
Batting: LHB Ignacio Ocampo 0-0: Called Strike
0-1: Ball
1-1: Fly out, F7 (Line Drive, 7, EV 99.4 MPH)
Batting: RHB Bobby Miles 0-0: Swinging Strike
0-1: Ball
1-1: Ball
2-1: Fielders Choice at 2nd, 6-4 (Groundball, 6M, EV 98.8 MPH)
Mike East scores
Batting: RHB Sam Daw 0-0: Ball
1-0: Called Strike
1-1: SINGLE (Flyball, 3D, EV 92.5 MPH)
Bobby Miles to second
Runner from 2nd tries for 3rd, SAFE, throw by RF made to third
Batting: RHB Workneh Lagat 0-0: Called Strike
0-1: Foul Ball, location: 2F
0-2: Foul Ball, location: 2F
0-2: Ball
1-2: Fly out, F3 (Popup, 3S, EV 88.1 MPH)
Bottom of the 1st over - 1 run, 2 hits, 1 error, 2 left on base; Atlanta (MID) 0 - Peoria 1
TOP OF THE 2ND
Atlanta (MID) Braves batting - Pitching for Peoria Chiefs : RHP Jaquan Alston
Now in RF: Mike East
Batting: RHB Josh McCormick 0-0: Ball
1-0: Called Strike
1-1: Swinging Strike
1-2: Foul Ball, location: 2F
1-2: Foul Ball, location: 2F
1-2: Strikes out looking
Batting: LHB Luis Cruz 0-0: Called Strike
0-1: Foul Ball, location: 2F
0-2: Ball
1-2: Ground out 4-3 (Groundball, 4M, EV 85.0 MPH)
Batting: RHB Terry Hughes 0-0: Ball
1-0: Ball
2-0: Ball
3-0: Called Strike
3-1: SINGLE (Line Drive, 8LS, EV 108.1 MPH)
Batting: RHB Alex Campos 0-0: Ball
1-0: Called Strike
1-1: Foul Ball, location: 2F
1-2: Strikes out swinging
Top of the 2nd over - 0 runs, 1 hit, 0 errors, 1 left on base; Atlanta (MID) 0 - Peoria 1
BOTTOM OF THE 2ND
Peoria Chiefs batting - Pitching for Atlanta (MID) Braves : RHP Chris Lincecum II
Batting: RHB Kalidas Mishra 0-0: Ball
1-0: Swinging Strike
1-1: Foul Ball, location: 2F
1-2: DOUBLE (Line Drive, 7LM, EV 90.6 MPH)
Batting: SHB Bobby Mercado 0-0: Swinging Strike
0-1: Called Strike
0-2: Ball
1-2: Ground out 4-3 (Groundball, 4, EV 84.4 MPH)
Kalidas Mishra to third
Batting: LHB Dwain Ashford 0-0: Ball
1-0: Ball
2-0: Ground out 4-3 (Groundball, 34, EV 80.6 MPH)
Kalidas Mishra scores
Batting: LHB Mike East 0-0: Called Strike
0-1: Foul Ball, location: 2F
0-2: Foul Ball, location: 2F
0-2: Ball
1-2: Foul Ball, location: 2F
1-2: Ground out 6-3 (Groundball, 6, EV 107.5 MPH)
Bottom of the 2nd over - 1 run, 1 hit, 0 errors, 0 left on base; Atlanta (MID) 0 - Peoria 2
TOP OF THE 3RD
Atlanta (MID) Braves batting - Pitching for Peoria Chiefs : RHP Jaquan Alston
Batting: RHB George Provance 0-0: Swinging Strike
0-1: Ground out 6-3 (Groundball, 6, EV 90.0 MPH)
Batting: RHB Gabe Allen 0-0: Ball
1-0: Ball
2-0: Called Strike
2-1: Foul Ball, location: 2F
2-2: Strikes out looking
Batting: LHB Eric Jackson 0-0: Ball
1-0: Called Strike
1-1: Foul Ball, location: 2F
1-2: Strikes out swinging
Top of the 3rd over - 0 runs, 0 hits, 0 errors, 0 left on base; Atlanta (MID) 0 - Peoria 2
BOTTOM OF THE 3RD
Peoria Chiefs batting - Pitching for Atlanta (MID) Braves : RHP Chris Lincecum II
Batting: RHB Tim Jobe 0-0: Swinging Strike
0-1: Ball
1-1: Ball
2-1: Foul Ball, location: 2F
2-2: Foul Ball, location: 2F
2-2: Strikes out looking
Batting: LHB Ignacio Ocampo 0-0: Foul Ball, location: 2F
0-1: Ball
1-1: Ball
2-1: Called Strike
2-2: Ball
3-2: Base on Balls
Batting: RHB Bobby Miles 0-0: Ball
1-0: Ball
2-0: Called Strike
2-1: Called Strike
Ignacio Ocampo is caught stealing 2nd base 2-4
2-2: Reached on error, E6 (Groundball, 6, EV 104.4 MPH)
Batting: RHB Sam Daw 0-0: Swinging Strike
0-1: Foul Ball, location: 2F
0-2: SINGLE (Line Drive, 3D, EV 98.8 MPH)
Bobby Miles to second
Runner from 2nd tries for 3rd, OUT! 9-5
Bottom of the 3rd over - 0 runs, 1 hit, 1 error, 1 left on base; Atlanta (MID) 0 - Peoria 2
TOP OF THE 4TH
Atlanta (MID) Braves batting - Pitching for Peoria Chiefs : RHP Jaquan Alston
Batting: RHB Elias Vences 0-0: Swinging Strike
0-1: Ball
1-1: Bunted foul
1-2: SINGLE (Flyball, 34D, EV 90.6 MPH)
Batting: LHB Tamaichi Sasada 0-0: Ball
Elias Vences is caught stealing 2nd base 2-6
1-0: Fly out, F7 (Flyball, 7S, EV 90.0 MPH)
Batting: RHB Josh McCormick 0-0: Swinging Strike
0-1: Swinging Strike
0-2: Strikes out swinging
Top of the 4th over - 0 runs, 1 hit, 0 errors, 0 left on base; Atlanta (MID) 0 - Peoria 2
BOTTOM OF THE 4TH
Peoria Chiefs batting - Pitching for Atlanta (MID) Braves : RHP Chris Lincecum II
Batting: RHB Workneh Lagat 0-0: Ball
1-0: Ground out 6-3 (Groundball, 6, EV 96.2 MPH)
Batting: RHB Kalidas Mishra 0-0: DOUBLE (Line Drive, 78XD, EV 102.5 MPH)
Batting: SHB Bobby Mercado 0-0: Ball
1-0: Fly out, F7 (Flyball, 78S, EV 86.2 MPH)
Batting: LHB Dwain Ashford 0-0: Ball
1-0: Foul Ball, location: 2F
1-1: Foul Ball, location: 2F
1-2: Ball
2-2: Fly out, F4 (Line Drive, 34D, EV 71.9 MPH)
Bottom of the 4th over - 0 runs, 1 hit, 0 errors, 1 left on base; Atlanta (MID) 0 - Peoria 2
TOP OF THE 5TH
Atlanta (MID) Braves batting - Pitching for Peoria Chiefs : RHP Jaquan Alston
Batting: LHB Luis Cruz 0-0: Ball
1-0: Foul Ball, location: 2F
1-1: Fly out, F8 (Flyball, 8LD, EV 103.8 MPH)
Batting: RHB Terry Hughes 0-0: Ball
1-0: Called Strike
1-1: Ball
2-1: Fly out, F7 (Flyball, 7D, EV 81.9 MPH)
Batting: RHB Alex Campos 0-0: Ball
1-0: Ball
2-0: Foul Ball, location: 2F
2-1: Foul Ball, location: 2F
2-2: Foul Ball, location: 2F
2-2: Foul Ball, location: 2F
2-2: Ground out 5-3 (Groundball, 5L, EV 102.5 MPH)
Top of the 5th over - 0 runs, 0 hits, 0 errors, 0 left on base; Atlanta (MID) 0 - Peoria 2
BOTTOM OF THE 5TH
Peoria Chiefs batting - Pitching for Atlanta (MID) Braves : RHP Chris Lincecum II
Batting: LHB Mike East 0-0: Ball
1-0: SINGLE (Groundball, 6MD, EV 103.8 MPH)
Batting: RHB Tim Jobe 0-0: Ball
1-0: Called Strike
Mike East steals 2nd, throwing error, E2
Mike East to third
1-1: Foul Ball, location: 2F
1-2: SINGLE (Groundball, 25, EV 68.8 MPH) (infield hit)
Batting: LHB Ignacio Ocampo 0-0: Called Strike
0-1: Ball
1-1: Called Strike
1-2: Fielders Choice at 2nd, 5-4 (Groundball, 56, EV 101.2 MPH)
Mike East scores
Batting: RHB Bobby Miles 0-0: Called Strike
0-1: Ball
1-1: Fly out, F9 (Flyball, 9, EV 74.4 MPH)
Batting: RHB Sam Daw 0-0: Ball
1-0: Called Strike
1-1: Called Strike
1-2: Ground out 4-3 (Groundball, 4M, EV 108.1 MPH)
Bottom of the 5th over - 1 run, 2 hits, 1 error, 1 left on base; Atlanta (MID) 0 - Peoria 3
TOP OF THE 6TH
Atlanta (MID) Braves batting - Pitching for Peoria Chiefs : RHP Jaquan Alston
Batting: RHB George Provance 0-0: Swinging Strike
0-1: Called Strike
0-2: Foul Ball, location: 2F
0-2: Ball
1-2: Ball
2-2: Ball
3-2: SINGLE (Flyball, 78S, EV 90.0 MPH)
Batting: RHB Gabe Allen 0-0: Called Strike
George Provance steals 2nd base
0-1: Ball
1-1: Swinging Strike
1-2: Strikes out swinging
Batting: LHB Eric Jackson 0-0: Foul Ball, location: 2F
0-1: Ball
1-1: Ground out 4-3 (Groundball, 34D, EV 81.9 MPH)
George Provance to third
Batting: RHB Elias Vences 0-0: Ball
1-0: Ground out 6-3 (Groundball, 6S, EV 81.2 MPH)
Top of the 6th over - 0 runs, 1 hit, 0 errors, 1 left on base; Atlanta (MID) 0 - Peoria 3
BOTTOM OF THE 6TH
Peoria Chiefs batting - Pitching for Atlanta (MID) Braves : RHP Chris Lincecum II
Batting: RHB Workneh Lagat 0-0: Called Strike
0-1: Foul Ball, location: 2F
0-2: Ball
1-2: Ball
2-2: Ball
3-2: SINGLE (Groundball, 6MD, EV 102.5 MPH)
Batting: RHB Kalidas Mishra 0-0: Fly out, F7 (Flyball, 7, EV 86.2 MPH)
Batting: SHB Bobby Mercado 0-0: Called Strike
0-1: Ball
1-1: Fly out, F9 (Flyball, 9, EV 77.5 MPH)
Batting: LHB Dwain Ashford 0-0: Ball
1-0: Ball
2-0: Ground out 4-3 (Groundball, 34, EV 85.0 MPH)
Bottom of the 6th over - 0 runs, 1 hit, 0 errors, 1 left on base; Atlanta (MID) 0 - Peoria 3
TOP OF THE 7TH
Atlanta (MID) Braves batting - Pitching for Peoria Chiefs : RHP Jaquan Alston
Batting: LHB Tamaichi Sasada 0-0: Ground out U3 (Groundball, 34, EV 106.9 MPH)
Batting: RHB Josh McCormick 0-0: Fly out, F7 (Flyball, 78M, EV 83.1 MPH)
Batting: LHB Luis Cruz 0-0: Called Strike
0-1: Swinging Strike
0-2: Ball
1-2: Strikes out swinging
Top of the 7th over - 0 runs, 0 hits, 0 errors, 0 left on base; Atlanta (MID) 0 - Peoria 3
BOTTOM OF THE 7TH
Peoria Chiefs batting - Pitching for Atlanta (MID) Braves : RHP Chris Lincecum II
Batting: LHB Mike East 0-0: Ball
1-0: Fly out, F9 (Line Drive, 89M, EV 85.6 MPH)
Batting: RHB Tim Jobe 0-0: Foul Ball, location: 2F
0-1: Ball
1-1: Ball
2-1: Ball
3-1: Called Strike
3-2: DOUBLE (Groundball, 3L, EV 105.0 MPH)
Batting: LHB Ignacio Ocampo 0-0: Intentional Walk
Pitching: RHP Seriozha Darzinsh
Batting: RHB Bobby Miles 0-0: Called Strike
0-1: Ball
1-1: Foul Ball, location: 2F
1-2: Ball
2-2: DOUBLE (Line Drive, 9LM, EV 106.2 MPH)
Tim Jobe scores
Ignacio Ocampo to third
Batting: RHB Sam Daw 0-0: Called Strike
0-1: Ground out 6-3 (Groundball, 6, EV 90.6 MPH)
Ignacio Ocampo scores
Batting: RHB Workneh Lagat 0-0: Called Strike
0-1: Called Strike
0-2: Strikes out swinging
Bottom of the 7th over - 2 runs, 2 hits, 0 errors, 1 left on base; Atlanta (MID) 0 - Peoria 5
TOP OF THE 8TH
Atlanta (MID) Braves batting - Pitching for Peoria Chiefs : RHP Jaquan Alston
Batting: RHB Terry Hughes 0-0: Ball
1-0: Foul Ball, location: 2F
1-1: Ball
2-1: Called Strike
2-2: Ball
3-2: Foul Ball, location: 2F
3-2: SINGLE (Groundball, 5D, EV 106.2 MPH)
Batting: RHB Alex Campos 0-0: Ball
1-0: Ball
2-0: Called Strike
2-1: Ball
3-1: Base on Balls
Terry Hughes to second
Batting: RHB George Provance 0-0: Called Strike
0-1: Grounds into double play, 6-4-3 (Groundball, 6, EV 87.5 MPH)
Terry Hughes to third
Batting: RHB Gabe Allen 0-0: Called Strike
0-1: Ball
1-1: Ball
2-1: Ball
3-1: Ground out 5-3 (Groundball, 5, EV 105.6 MPH)
Top of the 8th over - 0 runs, 1 hit, 0 errors, 1 left on base; Atlanta (MID) 0 - Peoria 5
BOTTOM OF THE 8TH
Peoria Chiefs batting - Pitching for Atlanta (MID) Braves : RHP Seriozha Darzinsh
Batting: RHB Kalidas Mishra 0-0: SINGLE (Groundball, P, EV 84.4 MPH) (infield hit)
Batting: SHB Bobby Mercado 0-0: Ball
Kalidas Mishra is caught stealing 2nd base 2-6
1-0: Ball
2-0: Called Strike
2-1: Ball
3-1: Called Strike
3-2: Base on Balls
Batting: LHB Dwain Ashford 0-0: Swinging Strike
0-1: Ball
1-1: Ball
2-1: Ball
3-1: Fly out, F7 (Flyball, 78M, EV 81.9 MPH)
Batting: LHB Mike East 0-0: Ball
1-0: Foul Ball, location: 2F
1-1: Ball
Bobby Mercado is caught stealing 2nd base 2-6
Bottom of the 8th over - 0 runs, 1 hit, 0 errors, 0 left on base; Atlanta (MID) 0 - Peoria 5
TOP OF THE 9TH
Atlanta (MID) Braves batting - Pitching for Peoria Chiefs : RHP Jaquan Alston
Pitching: RHP Alex Apolinar
Batting: LHB Eric Jackson 0-0: Fly out, F8 (Flyball, 8LXD, EV 76.9 MPH)
Batting: RHB Elias Vences 0-0: Swinging Strike
0-1: Called Strike
0-2: Strikes out swinging
Batting: LHB Tamaichi Sasada 0-0: Ball
1-0: Called Strike
1-1: Foul Ball, location: 2F
1-2: Ball
2-2: Foul Ball, location: 2F
2-2: Ball
3-2: Foul Ball, location: 2F
3-2: SINGLE (Line Drive, 6MD, EV 104.4 MPH)
Batting: RHB Josh McCormick 0-0: Foul Ball, location: 2F
0-1: Swinging Strike
0-2: Ball
1-2: Strikes out looking
Top of the 9th over - 0 runs, 1 hit, 0 errors, 1 left on base; Atlanta (MID) 0 - Peoria 5
Sunday, July 16th , 2023 - OOTP Baseball 24.6 Build 69